 Dungeon Crawl Stone Soup version 0.19-a0-1071-g4ed3155 (webtiles) character file.

10266 4thArraOfDagon the Severer (level 11, 0/138 HPs)
             Began as a Minotaur Berserker on Aug 5, 2016.
             Was a Priest of Trog.
             Slain by an 11-headed hydra (4 damage)
             ... on level 6 of the Lair of Beasts.
             The game lasted 00:12:32 (2221 turns).

4thArraOfDagon the Severer (Minotaur Berserker)     Turns: 2221, Time: 00:12:33

Health: 0/138      AC: 13    Str: 30    XL:     11   Next: 33%
Magic:  10/10      EV: 14    Int:  4    God:    Trog [***...]
Gold:   202        SH:  6    Dex: 17    Spells: 0 memorised, 10 levels left

rFire  + . .     SeeInvis .     v - +0 war axe
rCold  + . .     Gourm    .     r - +0 chain mail
rNeg   . . .     Faith    .     o - +2 buckler
rPois  +         Spirit   .     (helmet restricted)
rElec  +         Dismiss  .     (no cloak)
rCorr  +         Reflect  .     (no gloves)
SustAt .         Harm     .     d - +0 pair of boots
MR     ++...                    (no amulet)
Stlth  ..........               (no ring)
                                (no ring)

@: agile, berserking, resistant, regenerating, very quick
A: retaliatory headbutt, horns 2, thin skeletal structure 1
a: Berserk, Trog's Hand, Burn Spellbooks, Renounce Religion


You were on level 6 of the Lair of Beasts.
You worshipped Trog.
Trog was most pleased with you.
You were not hungry.

You visited 2 branches of the dungeon, and saw 13 of its levels.

You collected 202 gold pieces.

Inventory:

Hand Weapons
 a - a +0 hand axe
 v - a +0 war axe (weapon)
Armour
 b - a +0 animal skin
 d - a +0 pair of boots (worn)
 g - a +0 scale mail
 o - a +2 buckler (worn)
 r - a +0 chain mail (worn)
Wands
 x - a wand of slowing (24/48)
 y - a wand of random effects (23/48)
Scrolls
 e - 2 scrolls of fear {unknown}
 f - a scroll of random uselessness {unknown}
 j - 3 scrolls of identify {unknown}
 k - a scroll of enchant armour {unknown}
 l - 3 scrolls of amnesia
 n - a scroll of teleportation {unknown}
 q - a scroll of remove curse {unknown}
 u - a scroll of magic mapping {unknown}
 w - 2 scrolls of fog {unknown}
 A - 2 scrolls of noise {unknown}
 D - a scroll of brand weapon {unknown}
Potions
 h - a potion of lignification
 i - a potion of flight
 s - a potion of agility
 t - 2 potions of berserk rage
Comestibles
 c - 4 bread rations


   Skills:
 + Level 7.3 Fighting
 * Level 16.0 Axes
 + Level 11.8 Armour
 - Level 2.1 Dodging


You had 10 spell levels left.
You didn't know any spells.

Dungeon Overview and Level Annotations

Branches:
Dungeon (8/15)               Lair (6/6) D:8
 Temple: D:4-7        Swamp: Lair:2-4    Shoals: Lair:2-4     Snake: Lair:2-4
 Spider: Lair:2-4     Slime: Lair:5-6

Altars:
Makhleb

Annotations:
Lair:4 exclusions: oklob plant and upstairs


Innate Abilities, Weirdness & Mutations

You reflexively headbutt those who attack you in melee.
You have a pair of horns on your head.
You have a somewhat thin skeletal structure. (Dex +2, Stealth)


Message History

The ten-headed hydra is lightly wounded.
You slash the komodo dragon! You slash the giant frog!
The komodo dragon closely misses you. You furiously retaliate!
You headbutt the komodo dragon!!
You kill the komodo dragon!
Trog accepts your kill.
Your Axes skill increases to level 16!
The giant frog hits you but does no damage.
Unknown command.
Unknown command.
Unknown command.
You chop one of the ten-headed hydra's heads off!
The nine-headed hydra grows two more!
You slash the 11-headed hydra!
The 11-headed hydra is lightly wounded.
You barely miss the giant frog. You block the 11-headed hydra's attack.
The 11-headed hydra barely misses you. The 11-headed hydra closely misses you.
You block the 11-headed hydra's attack. The 11-headed hydra bites you.
* * * LOW HITPOINT WARNING * * *
The 11-headed hydra bites you.
You die...

........###.##
.........# ## ...#
.........## #...#
..........### #....#
............# ##....#
............# ##...P#
............###.....#
..#..........DF...#
##....P.###.@...#
######.# ###...## ###
#†.P.P# ##..P##
#....# ##...# #.<.##
##..# ####


You could see a 11-headed hydra and a giant frog.

Vanquished Creatures
  Nergalle (Lair:4)
  A lindwurm (Lair:6)
  7 spiny frogs
  2 rime drakes
  4 komodo dragons
  3 giant leeches (Lair:6)
  9 blink frogs
  6 yaks (D:8)
  A vampire mosquito (Lair:6)
  2 basilisks
  3 water moccasins
  A porcupine (Lair:6)
  3 ogres
  A centaur (D:7)
  4 crocodiles
  7 giant frogs
  2 scorpions (D:6)
  2 wights (D:8)
  A crimson imp (D:5)
  A hound (D:6)
  A giant frog skeleton (D:5)
  A jelly (D:5)
  3 orc wizards
  2 worker ants
  A sheep (D:8)
  A hound zombie (D:7)
  A howler monkey zombie (D:6)
  22 river rats
  A dart slug (D:3)
  2 giant geckos
  13 orcs
  A hobgoblin (D:1)
  2 jackals (D:5)
  A quokka (D:8)
  A bat (D:1)
  2 kobolds (D:2)
  A quokka zombie (D:5)
  2 rats (D:8)
  2 fungi
121 creatures vanquished.

Vanquished Creatures (others)
  9 fungi
  30 plants (Lair:6)
39 creatures vanquished.

Grand Total: 160 creatures vanquished

Notes
Turn   | Place    | Note
-------+----------+-------------------------------------------
     0 | D:1      | 4thArraOfDagon the Minotaur Berserker began the quest for the Orb.
     0 | D:1      | Reached XP level 1. HP: 19/19 MP: 0/0
    41 | D:1      | wtf lab
   129 | D:2      | Reached skill level 4 in Axes
   155 | D:2      | Found a burning altar of Makhleb.
   156 | D:2      | Gruud: Didn't think minotaurs got lost on d:1
   306 | D:3      | Reached XP level 2. HP: 22/26 MP: 1/1
   318 | D:3      | You fall through a shaft for 2 floors!
   318 | D:5      | Entered Level 5 of the Dungeon
   319 | D:5      | 4thArraOfDagon: apparently they do
   323 | D:5      | Reached XP level 3. HP: 22/31 MP: 2/2
   342 | D:5      | Reached skill level 5 in Axes
   347 | D:5      | Reached XP level 4. HP: 39/39 MP: 3/3
   422 | D:5      | Noticed an ogre
   460 | D:5      | Gruud: Beats dying on d:1 though.
   466 | D:5      | Noticed an ogre
   482 | D:5      | Killed an ogre
   482 | D:5      | Reached skill level 6 in Axes
   482 | D:5      | Reached XP level 5. HP: 43/45 MP: 4/4
   483 | D:5      | Killed an ogre
   483 | D:5      | Reached skill level 7 in Axes
   483 | D:5      | Reached skill level 5 in Armour
   483 | D:5      | Reached XP level 6. HP: 49/51 MP: 5/5
   576 | D:6      | Gained mutation: You have a somewhat thin skeletal structure. (Dex +2, Stealth) [potion of beneficial mutation]
   584 | D:6      | Reached skill level 8 in Axes
   606 | D:7      | Reached ** piety under Trog
   606 | D:7      | Reached XP level 7. HP: 27/57 MP: 6/6
   686 | D:7      | Noticed a basilisk
   701 | D:7      | Killed a basilisk
   701 | D:7      | Reached skill level 9 in Axes
   839 | D:8      | Noticed a yak
   839 | D:8      | Noticed a yak
   842 | D:8      | Noticed a yak
   848 | D:8      | Reached XP level 8. HP: 64/64 MP: 7/7
   852 | D:8      | Reached skill level 10 in Axes
   862 | D:8      | Reached skill level 11 in Axes
   923 | D:8      | Reached XP level 9. HP: 61/70 MP: 8/8
   958 | D:8      | Found a staircase to the Lair.
   972 | Lair:1   | Entered Level 1 of the Lair of Beasts
  1001 | Lair:1   | Noticed a spiny frog
  1012 | Lair:1   | Killed a spiny frog
  1012 | Lair:1   | Reached skill level 12 in Axes
  1044 | Lair:2   | Noticed a black mamba
  1044 | Lair:2   | Noticed a rime drake
  1181 | Lair:1   | Reached skill level 13 in Axes
  1182 | Lair:1   | Reached *** piety under Trog
  1257 | Lair:1   | Noticed a spiny frog
  1286 | Lair:1   | Killed a spiny frog
  1286 | Lair:1   | Reached skill level 10 in Armour
  1382 | Lair:3   | Noticed a spiny frog
  1388 | Lair:3   | Killed a spiny frog
  1388 | Lair:3   | Reached XP level 10. HP: 71/77 MP: 9/9
  1405 | Lair:3   | Reached skill level 14 in Axes
  1425 | Lair:3   | Noticed a four-headed hydra
  1595 | Lair:4   | Noticed an oklob plant
  1620 | Lair:4   | Reached skill level 5 in Fighting
  1679 | Lair:5   | Noticed a five-headed hydra
  1692 | Lair:4   | Noticed Nergalle
  1708 | Lair:4   | Killed Nergalle
  1778 | Lair:6   | Entered Level 6 of the Lair of Beasts
  1780 | Lair:6   | Reached skill level 15 in Axes
  1781 | Lair:6   | Noticed a lindwurm
  1800 | Lair:6   | Killed a lindwurm
  1839 | Lair:6   | Noticed a four-headed hydra
  1914 | Lair:6   | Reached XP level 11. HP: 59/91 MP: 10/10
  1981 | Lair:6   | fail
  1981 | Lair:6   | lets dia
  2195 | Lair:6   | Noticed an eight-headed hydra
  2218 | Lair:6   | HP: 5/138 [komodo dragon (25)]
  2220 | Lair:6   | Reached skill level 16 in Axes
  2221 | Lair:6   | Slain by an 11-headed hydra

Vault maps used:
D:1:      nicolae_arrival_memento_mori, minmay_misc_feat_pillars,
          bh_walls_and_bars
D:2:      lemuel_round_altar, old_standard_altar,
          gammafunk_temple_overflow_pools, first_bread
D:3:      tgw_xom, uniq_iyjb
D:5:      basic_altar
D:7:      basic_altar, grunt_livestock, nicolae_underground_beach
D:8:      lemuel_ice_spiral_2, dpeg_lair_monsters
Lair:1:   serial_bayou_ford_a
Lair:2:   elwin_shoals_entry_rooms, nicolae_spider_entry_tight_spaces,
          hibernation_bobbens, infiniplex_staircase_pool
Lair:3:   grunt_megastairs_2, serial_bayou_shore_b
Lair:4:   dpeg_oklob_1, uniq_nergalle
Lair:5:   slime_altar_1
Lair:6:   minmay_lair_end_frog_pond, basic_altar, serial_bayou_shore_b

Skill      XL: |  1  2  3  4  5  6  7  8  9 10 11 |
---------------+----------------------------------+-----
Axes           | 4 5 6 7 8 9 11 13 15 16 | 16.0
Armour         | 3 4 5 6 8 10 11 | 11.8
Fighting       | 6 7 |  7.3
Dodging        | |  2.1

Action                   |  1- 3 |  4- 6 |  7- 9 | 10-12 || total
-------------------------+-------+-------+-------+-------++-------
Melee: Hand axe          |    23 |    29 |    20 |       ||    72
       Headbutt          |     5 |     6 |    28 |    32 ||    71
       War axe           |       |       |   109 |   168 ||   277
Invok: Berserk           |     1 |     3 |     9 |     9 ||    22
       Trog's Hand       |       |       |     6 |    11 ||    17
       Burn Spellbooks   |       |       |       |     2 ||     2
Evoke: Wand              |       |       |       |     2 ||     2
  Use: Potion            |       |     3 |       |     5 ||     8
       Scroll            |       |       |       |     1 ||     1
  Eat: Chunk             |       |     2 |    11 |    11 ||    24
       Meat ration       |       |       |     1 |     1 ||     2
       Beef jerky        |       |       |     1 |       ||     1
Armor: Scale mail        |     6 |    25 |     7 |       ||    38
       Animal skin       |     1 |       |       |       ||     1
       Chain mail        |       |       |    61 |    60 ||   121
       Skin              |       |       |       |     6 ||     6
Dodge: Dodged            |    16 |    28 |    48 |    69 ||   161
Block: Buckler           |       |    16 |    32 |    44 ||    92
